[Event "Titled Tuesday Blitz August 3 2021"]
[White "Spata, German"]
[Black "Zia, Tahsin Tajwar"]
[WhiteFideId "113026"]
[BlackFideId "10211888"]
[WhiteElo "2238"]
[BlackElo "1800"]
[Result "0-1"]
[Round "03"]
[TimeControl "180+1"]
[Date "2021.08.03"]
[WhiteClock "0:00:02"]
[BlackClock "0:00:50"]

1. e4 c6 2. d4 d5 3. Nd2 dxe4 4. Nxe4 Nf6 5. Nxf6+ exf6 6. c3 Bd6 7. Bd3 O-O 8. Ne2 Re8 9. Qc2 h5 10. O-O h4 11. h3 Nd7 12. Bd2 Nf8 13. c4 Bc7 14. Rad1 Bf5 15. Bxf5 Rxe2 16. Qd3 Qd6 17. f4 Rae8 18. Bg4 R2e4 19. Bc1 Rxd4 20. Qxd4 Qxd4+ 21. Rxd4 Bb6 22. Rd1 Bxd4+ 23. Kf1 c5 24. Bf3 b6 25. b3 Ng6 26. Bd2 Rd8 27. Be1 f5 28. Bh5 Bf6 29. Rxd8+ Bxd8 30. Bxg6 fxg6 31. Ke2 Kf7 32. Kf3 Ke6 33. Bd2 Bf6 34. Be3 Bd4 35. Bd2 Kf6 36. Be1 g5 37. Bd2 gxf4 38. Bxf4 g5 39. Bb8 a6 40. Ba7 b5 41. cxb5 axb5 42. a4 bxa4 43. bxa4 Ke5 44. a5 Kd5 45. a6 Kc6 46. g3 hxg3 47. Kxg3 Kb5 48. Bb8 Kxa6 49. Kf3 Kb5 50. Bd6 Bf6 51. Bf8 Kc4 52. Ke2 Kd4 53. Bd6 c4 54. Ba3 c3 55. Kd1 Kd3 0-1


[Site "https://www.chess.com"]

[Event "Titled Tuesday Blitz August 3 2021"]
[White "Srihari L R"]
[Black "Zubov, Alexander"]
[WhiteFideId "46617116"]
[BlackFideId "14109409"]
[WhiteElo "2121"]
[BlackElo "2740"]
[Result "0-1"]
[Round "03"]
[TimeControl "180+1"]
[Date "2021.08.03"]
[WhiteClock "0:00:06"]
[BlackClock "0:00:19"]

1. d4 Nf6 2. c4 g6 3. Nc3 d5 4. cxd5 Nxd5 5. Bd2 Bg7 6. e4 Nb6 7. Be3 O-O 8. h3 e5 9. Nf3 exd4 10. Bxd4 Bxd4 11. Qxd4 Nc6 12. Qe3 Qe7 13. Bb5 Nb4 14. Rc1 a6 15. Be2 Be6 16. a3 Nc6 17. O-O Rad8 18. Rfd1 Bb3 19. Rd2 Nc4 20. Bxc4 Bxc4 21. Nd5 Bxd5 22. exd5 Qxe3 23. fxe3 Ne7 24. Rxc7 Nxd5 25. Rxb7 Nxe3 26. Rxd8 Rxd8 27. Kf2 Nc4 28. a4 a5 29. Rb5 Nd6 30. Rxa5 Rb8 31. Rd5 Rxb2+ 32. Kg1 Nf5 33. Rd2 Rb1+ 34. Kh2 Ra1 35. Ng5 h6 36. Ne4 Rxa4 37. Nf6+ Kg7 38. Ne8+ Kf8 39. Rd8 Ke7 40. Rb8 Rc4 41. g4 Nd4 42. Ra8 Ne6 43. Kg3 Rc3+ 44. Kh2 Nf4 45. h4 Rh3+ 46. Kg1 Rxh4 47. g5 Rg4+ 48. Kf2 Rxg5 49. Nc7 Rc5 50. Ra7 Kf8 51. Ke3 Rxc7 52. Ra8+ Kg7 53. Kxf4 g5+ 54. Kg4 Rc4+ 55. Kf5 Rf4+ 56. Ke5 h5 0-1


[Site "https://www.chess.com"]

[Event "Titled Tuesday Blitz August 3 2021"]
[White "Stribuk, Artiom"]
[Black "Ivanchuk, Vasyl"]
[WhiteFideId "13515659"]
[BlackFideId "14100010"]
[WhiteElo "2224"]
[BlackElo "2710"]
[Result "1/2-1/2"]
[Round "03"]
[TimeControl "180+1"]
[Date "2021.08.03"]
[WhiteClock "0:01:12"]
[BlackClock "0:01:28"]

1. d4 Nf6 2. c4 g6 3. Nf3 Bg7 4. g3 c6 5. Bg2 d5 6. cxd5 cxd5 7. O-O O-O 8. Ne5 e6 9. Nc3 Nfd7 10. Nf3 Nc6 11. b3 Re8 12. a4 b6 13. Ba3 Ba6 14. Nb5 Bf8 15. Nd6 Bxd6 16. Bxd6 Nf6 17. Ba3 Ne4 18. Rc1 Rc8 19. Re1 f6 20. e3 Qd7 21. Nd2 Nxd2 22. Qxd2 Na5 23. Qb4 Nc6 24. Qd2 Na5 25. Qb4 Nc6 26. Qd2 1/2-1/2


[Site "https://www.chess.com"]

[Event "Titled Tuesday Blitz August 3 2021"]
[White "Ter-Sahakyan, Samvel"]
[Black "Matinian, Nikita"]
[WhiteFideId "13302531"]
[BlackFideId "24129100"]
[WhiteElo "2551"]
[BlackElo "2410"]
[Result "1-0"]
[Round "03"]
[TimeControl "180+1"]
[Date "2021.08.03"]
[WhiteClock "0:00:29"]
[BlackClock "0:00:14"]

1. Nf3 Nf6 2. b3 g6 3. Bb2 Bg7 4. e3 d6 5. d4 O-O 6. Be2 c5 7. O-O Ne4 8. Nbd2 Nxd2 9. Qxd2 Nc6 10. c4 cxd4 11. Nxd4 Ne5 12. h3 Qb6 13. Rac1 Bd7 14. Rfd1 Rfd8 15. Bc3 a5 16. a4 Nc6 17. Qb2 Nb4 18. Bf3 e5 19. Nb5 Be6 20. Bxb4 axb4 21. Bd5 Bf5 22. Qd2 e4 23. Qxb4 h5 24. Rd2 h4 25. Rcd1 Bf6 26. Qa3 Kg7 27. Qc1 Be5 28. Qc2 Re8 29. Kh1 Bf6 30. Nd4 Rad8 31. Nb5 Re7 32. Nc3 Rde8 33. Nb5 Rd8 34. b4 g5 35. a5 Qa6 36. f3 Qa8 37. Bxe4 Bxe4 38. fxe4 Be5 39. Nxd6 Bxd6 40. Rxd6 Rxd6 41. Rxd6 Qe8 42. Qc3+ Kg8 43. Qf6 1-0


[Site "https://www.chess.com"]

[Event "Titled Tuesday Blitz August 3 2021"]
[White "Tristan, Leonardo"]
[Black "Leisch, Lukas"]
[WhiteFideId "113816"]
[BlackFideId "1632094"]
[WhiteElo "2404"]
[BlackElo "2247"]
[Result "1-0"]
[Round "03"]
[TimeControl "180+1"]
[Date "2021.08.03"]
[WhiteClock "0:00:28"]
[BlackClock "0:00:01"]

1. d4 e6 2. Nf3 c5 3. c3 b6 4. Bf4 Bb7 5. e3 Nf6 6. Nbd2 d6 7. Bd3 Nbd7 8. O-O Qc7 9. h3 Be7 10. Bh2 O-O 11. a4 a6 12. Re1 Bc6 13. Qe2 Qb7 14. Nc4 Ne8 15. e4 d5 16. exd5 Bxd5 17. Nce5 Nxe5 18. Nxe5 Bxg2 19. f3 Bxh3 20. Be4 Qc8 21. Bxa8 Qxa8 22. Nd7 cxd4 23. Nxf8 dxc3 24. Nd7 cxb2 25. Rad1 Qc6 26. Qe4 Qc8 27. Kh1 Bf5 28. Qd4 b1=Q 29. Rxb1 Bxb1 30. Rxb1 Qc2 31. Qd1 Qc6 32. Rxb6 Qa8 33. Rb8 1-0


[Site "https://www.chess.com"]

[Event "Titled Tuesday Blitz August 3 2021"]
[White "Tsaruk, Maksim"]
[Black "Can, Emre"]
[WhiteFideId "13511173"]
[BlackFideId "6302181"]
[WhiteElo "2184"]
[BlackElo "2503"]
[Result "1-0"]
[Round "03"]
[TimeControl "180+1"]
[Date "2021.08.03"]
[WhiteClock "0:02:51"]
[BlackClock "0:02:28"]

1. e4 c5 2. Nf3 e6 3. d4 cxd4 4. Nxd4 Nf6 5. Nc3 Nc6 6. Ndb5 d6 7. Bf4 e5 8. Bg5 a6 9. Na3 b5 10. Nd5 Be7 11. Bxf6 Bxf6 12. c3 Ne7 13. Nxf6+ gxf6 14. Nc2 Bb7 15. Bd3 d5 16. Qe2 dxe4 17. Bxe4 Qc7 18. O-O-O Bxe4 19. Qxe4 f5 20. Qxa8+ 1-0


[Site "https://www.chess.com"]

[Event "Titled Tuesday Blitz August 3 2021"]
[White "Vokhidov, Shamsiddin"]
[Black "Krivonosov, Oleg"]
[WhiteFideId "14204223"]
[BlackFideId "11600349"]
[WhiteElo "2572"]
[BlackElo "2469"]
[Result "1-0"]
[Round "03"]
[TimeControl "180+1"]
[Date "2021.08.03"]
[WhiteClock "0:02:40"]
[BlackClock "0:01:54"]

1. b3 b6 2. Bb2 Bb7 3. c4 e6 4. Nf3 Nf6 5. e3 c5 6. Nc3 Be7 7. Be2 Nc6 8. d4 cxd4 9. Nxd4 Nxd4 10. Qxd4 O-O 11. O-O Bc5 12. Qf4 d5 13. Rfd1 Qe7 14. Qg3 dxc4 15. Bxc4 Rfd8 16. Nb5 Rxd1+ 17. Rxd1 Rd8 18. Rxd8+ Qxd8 19. Bxf6 Qxf6 20. Qb8+ Bf8 21. Qxb7 1-0


[Site "https://www.chess.com"]

[Event "Titled Tuesday Blitz August 3 2021"]
[White "Weetik, Vjacheslav"]
[Black "Shtivelband, Richard"]
[WhiteFideId "4153472"]
[BlackFideId "2017342"]
[WhiteElo "2469"]
[BlackElo "2415"]
[Result "1-0"]
[Round "03"]
[TimeControl "180+1"]
[Date "2021.08.03"]
[WhiteClock "0:00:06"]
[BlackClock "0:00:25"]

1. e4 e5 2. Nf3 Nc6 3. Nc3 Nf6 4. Bb5 Bd6 5. d3 Ne7 6. d4 Ng6 7. Bg5 h6 8. Be3 Qe7 9. O-O O-O 10. Re1 c6 11. Bf1 Bc7 12. dxe5 Nxe5 13. h3 d6 14. Nd4 Re8 15. Qd2 Ng6 16. Nf5 Qf8 17. Rad1 Nxe4 18. Nxh6+ gxh6 19. Nxe4 Rxe4 20. Bxh6 Qe8 21. Qc3 Re5 22. f4 Ba5 23. Qxa5 Rxa5 24. Rxe8+ Kh7 25. Bg5 Kg7 26. Bd3 f6 27. Bxg6 fxg5 28. f5 b6 29. Rde1 Bxf5 30. Rxa8 Bxg6 31. Re7+ Kf6 32. Raxa7 Rd5 33. Re2 Rd1+ 34. Kf2 d5 35. Ra6 1-0


[Site "https://www.chess.com"]

[Event "Titled Tuesday Blitz August 3 2021"]
[White "Willow, Jonah B"]
[Black "Vivas Zamora, Fabian Ernesto"]
[WhiteFideId "438804"]
[BlackFideId "3902480"]
[WhiteElo "2261"]
[BlackElo "1966"]
[Result "1-0"]
[Round "03"]
[TimeControl "180+1"]
[Date "2021.08.03"]
[WhiteClock "0:00:17"]
[BlackClock "0:00:07"]

1. e4 e5 2. Nf3 Nc6 3. Nc3 Nf6 4. Bb5 Nd4 5. Bc4 Bc5 6. d3 c6 7. Nxe5 Qe7 8. Nf3 d5 9. Bb3 Bg4 10. Be3 dxe4 11. dxe4 Nxe4 12. O-O O-O-O 13. Bxd4 Rxd4 14. Qe2 f5 15. Rfe1 Qf6 16. h3 Nxc3 17. bxc3 Re4 18. Qd3 Rd8 19. Nd4 Bxd4 20. cxd4 Rexd4 21. Qg3 Bh5 22. Be6+ R4d7 23. Bxd7+ Rxd7 24. Qe5 Qxe5 25. Rxe5 Bg6 26. Rae1 Kc7 27. Re7 Kd6 28. Rxd7+ Kxd7 29. Rd1+ Kc7 30. f4 Bf7 31. a3 Bd5 32. Kf2 Be4 33. c3 b5 34. g4 a6 35. Rg1 g6 36. Ke3 a5 37. Rd1 c5 38. Re1 Kc6 39. Rc1 b4 40. cxb4 axb4 41. axb4 Kb5 42. Rxc5+ Kxb4 43. Rc7 fxg4 44. Kxe4 g3 45. Rc1 h5 46. Rg1 h4 47. f5 gxf5+ 48. Kxf5 Kc3 49. Kg4 Kd4 50. Kxh4 Ke4 51. Rxg3 Kf5 52. Rg4 1-0


[Site "https://www.chess.com"]

[Event "Titled Tuesday Blitz August 3 2021"]
[White "Yaniuk, Volodymyr"]
[Black "Dvirnyy, Danyyil"]
[WhiteFideId "14133083"]
[BlackFideId "817570"]
[WhiteElo "2207"]
[BlackElo "2531"]
[Result "0-1"]
[Round "03"]
[TimeControl "180+1"]
[Date "2021.08.03"]
[WhiteClock "0:00:11"]
[BlackClock "0:00:21"]

1. d4 Nf6 2. c4 e6 3. g3 d5 4. Bg2 dxc4 5. Nf3 c6 6. O-O b5 7. Ne5 Bb7 8. b3 cxb3 9. axb3 Be7 10. Nc3 a6 11. Bb2 O-O 12. Ne4 Nxe4 13. Bxe4 a5 14. Qc2 h6 15. Rfc1 Bf6 16. e3 Qb6 17. Nd3 Nd7 18. Qe2 Rac8 19. Qd2 Ra8 20. Nc5 Nxc5 21. Rxc5 Rfd8 22. Qe2 a4 23. b4 Rd5 24. Bxd5 exd5 25. Qc2 Re8 26. Rc1 Re6 27. Kg2 g6 28. Qd3 Qd8 29. Bc3 Qe7 30. Bd2 h5 31. f3 Bg5 32. R1c3 h4 33. g4 Bf6 34. h3 Qe8 35. f4 Re4 36. g5 Bg7 37. Be1 Bxd4 38. exd4 Rxe1 39. Rc2 Re4 40. Rf2 Re3 41. Qd2 Qe4+ 42. Kg1 Rxh3 43. Rg2 Re3 44. Rc1 a3 45. Rf1 h3 46. Rgf2 Bc8 47. Kh2 Bf5 48. Rg1 Rd3 49. Qe2 Qxe2 50. Rxe2 Rxd4 51. Rg3 Be6 52. f5 Bxf5 53. Re8+ Kg7 54. Rxa3 Rd2+ 55. Kg1 h2+ 56. Kh1 Be4+ 57. Rxe4 Rd1+ 58. Kxh2 dxe4 59. Kg3 Rd3+ 60. Rxd3 exd3 61. Kf3 f6 62. Ke3 fxg5 63. Kxd3 Kf6 64. Kd4 g4 65. Kc5 g3 66. Kxc6 g2 67. Kxb5 g1=Q 68. Kc6 Qg2+ 69. Kb6 Qf2+ 70. Ka6 Qa2+ 71. Kb5 g5 72. Kb6 g4 73. b5 g3 74. Kc7 g2 75. b6 g1=Q 76. b7 Qc5+ 77. Kd7 Qf7+ 78. Kd8 Qcc7# 0-1


[Site "https://www.chess.com"]

[Event "Titled Tuesday Blitz August 3 2021"]
[White "Yoo, Christopher Woojin"]
[Black "Quispe Arteaga, Gabriel"]
[WhiteFideId "30909694"]
[BlackFideId "32059809"]
[WhiteElo "2105"]
[BlackElo "2172"]
[Result "1/2-1/2"]
[Round "03"]
[TimeControl "180+1"]
[Date "2021.08.03"]
[WhiteClock "0:00:03"]
[BlackClock "0:00:03"]

1. e4 c5 2. Nf3 e6 3. b3 Nc6 4. Bb2 a6 5. d4 cxd4 6. Nxd4 Qf6 7. Be2 Bc5 8. c3 Nge7 9. O-O O-O 10. Na3 d5 11. exd5 exd5 12. Nac2 Nxd4 13. Nxd4 Bxd4 14. Qxd4 Qxd4 15. cxd4 Nc6 16. Rac1 Be6 17. a3 Rfc8 18. b4 Ne7 19. Rc5 Nf5 20. Rfc1 Nd6 21. Rxc8+ Rxc8 22. Rxc8+ Nxc8 23. b5 axb5 24. Bxb5 Nd6 25. Bd3 Bf5 26. Bxf5 Nxf5 27. Kf1 f6 28. Ke2 Kf7 29. Kd3 Ke6 30. Kc3 Kd7 31. Kb4 Kc6 32. a4 Nh4 33. g3 Nf3 34. h4 Nd2 35. Bc1 Ne4 36. Be3 h5 37. a5 Nd6 38. f3 Nf5 39. Bf2 Nd6 40. g4 g6 41. Bg3 Nb5 42. Bf2 Nd6 43. Be3 Nb5 44. Kb3 Nc7 45. Ka4 Ne6 46. Kb4 Nc7 47. Bh6 Ne6 48. Be3 f5 49. gxf5 gxf5 50. f4 Nf8 51. Bf2 Ng6 52. Bg3 Ne7 53. Bf2 Nc8 54. Be3 Nd6 55. Bf2 Ne4 56. Be3 Ng3 57. Bf2 Ne2 58. Be3 Ng3 59. Bf2 Ne4 60. Be3 Nd6 61. Bf2 Ne4 1/2-1/2


[Site "https://www.chess.com"]

[Event "Titled Tuesday Blitz August 3 2021"]
[White "Zapata Arbelaez, Estiven"]
[Black "Maltsevskaya, Aleksandra"]
[WhiteFideId "4406311"]
[BlackFideId "24174041"]
[WhiteElo "2067"]
[BlackElo "2225"]
[Result "1-0"]
[Round "03"]
[TimeControl "180+1"]
[Date "2021.08.03"]
[WhiteClock "0:00:14"]
[BlackClock "0:00:42"]

1. d4 Nf6 2. c4 g6 3. Nf3 d6 4. Nc3 Nbd7 5. e4 Bg7 6. Bg5 h6 7. Bh4 e5 8. Be2 O-O 9. O-O exd4 10. Nxd4 Re8 11. Qc2 c6 12. Rfd1 Qb6 13. Bg3 Nc5 14. Bxd6 Ncxe4 15. Nxe4 Nxe4 16. c5 Qd8 17. Nf3 Nxd6 18. Rxd6 Qa5 19. Bc4 Bf5 20. Qb3 Re7 21. Rad1 Qxc5 22. Nh4 Bg4 23. Nxg6 Qxd6 24. Rxd6 Re1+ 25. Bf1 Be2 26. Ne7+ Kh8 27. Rxh6+ Bxh6 28. Qc3+ Bg7 29. Qxe1 Bh5 30. Be2 Bxe2 31. Qxe2 Bf6 32. Qh5+ Kg7 33. Nf5+ Kg8 34. Qg4+ Kf8 35. Qb4+ Kg8 36. Qxb7 Re8 37. g3 Re5 38. Nh6+ Kg7 39. Qxf7+ 1-0


[Site "https://www.chess.com"]

[Event "Titled Tuesday Blitz August 3 2021"]
[White "Abdusattorov, Nodirbek"]
[Black "Gokerkan, Cem Kaan"]
[WhiteFideId "14204118"]
[BlackFideId "6336760"]
[WhiteElo "2662"]
[BlackElo "2361"]
[Result "1-0"]
[Round "04"]
[TimeControl "180+1"]
[Date "2021.08.03"]
[WhiteClock "0:00:11"]
[BlackClock "0:00:08"]

1. e4 c5 2. Nf3 d6 3. d4 cxd4 4. Nxd4 Nf6 5. Nc3 a6 6. f4 e5 7. Nb3 Qc7 8. Be2 Nbd7 9. g4 b5 10. g5 b4 11. gxf6 bxc3 12. fxg7 Bxg7 13. Rg1 Bf6 14. bxc3 exf4 15. Bxf4 Bxc3+ 16. Kf1 Ne5 17. Rb1 Bh3+ 18. Kf2 Rd8 19. Rg3 Be6 20. Nd4 Ng6 21. Bg5 Rc8 22. Bf6 O-O 23. h4 d5 24. e5 Qa7 25. Rxc3 Rxc3 26. h5 Bf5 27. Rb2 Rfc8 28. Ke1 Bxc2 29. Rxc2 Rxc2 30. Nxc2 Qg1+ 31. Kd2 Qxd1+ 32. Bxd1 Nf4 33. Nd4 Rc4 34. Nf5 Ne6 35. Bb3 Rf4 36. Ne7+ Kf8 37. Nxd5 Rf2+ 38. Ke3 Rh2 39. Be7+ Ke8 40. Ba4# 1-0


[Site "https://www.chess.com"]

[Event "Titled Tuesday Blitz August 3 2021"]
[White "Alavi, Sayed Javad"]
[Black "Praggnanandhaa R"]
[WhiteFideId "12500607"]
[BlackFideId "25059530"]
[WhiteElo "2495"]
[BlackElo "2555"]
[Result "0-1"]
[Round "04"]
[TimeControl "180+1"]
[Date "2021.08.03"]
[WhiteClock "0:00:01"]
[BlackClock "0:00:02"]

1. e4 Nc6 2. d4 d5 3. e5 Bf5 4. c3 e6 5. Bd3 Bxd3 6. Qxd3 Qd7 7. a4 Nge7 8. a5 a6 9. Nf3 h5 10. O-O Nf5 11. Bg5 Be7 12. Nbd2 f6 13. Bf4 O-O-O 14. b4 Na7 15. Rfe1 Rde8 16. Nb3 Nb5 17. exf6 gxf6 18. Nc5 Bxc5 19. bxc5 Rhg8 20. Bg3 Rg4 21. Re2 h4 22. Rae1 Re4 23. Nxh4 Nxh4 24. Rxe4 dxe4 25. Rxe4 Nf5 26. h4 e5 27. d5 Nxg3 28. fxg3 f5 29. Re3 e4 30. Qd2 Na3 31. c6 bxc6 32. Qe2 Qxd5 33. Qxa6+ Kd7 34. Qf1 Nc4 35. Re1 Kc8 36. a6 e3 37. Qf4 e2 38. Kh2 Re4 39. Qg5 Kb8 40. Qg7 Qd6 41. Qh8+ Ka7 42. Rb1 Nb6 43. Rxb6 cxb6 44. Qc8 Re7 0-1


[Site "https://www.chess.com"]

[Event "Titled Tuesday Blitz August 3 2021"]
[White "Al-Tarboush, Ward"]
[Black "Makhnev, Denis"]
[WhiteFideId "7601450"]
[BlackFideId "13707647"]
[WhiteElo "2545"]
[BlackElo "2916"]
[Result "1-0"]
[Round "04"]
[TimeControl "180+1"]
[Date "2021.08.03"]
[WhiteClock "0:00:08"]
[BlackClock "0:00:25"]

1. d4 Nf6 2. Nf3 e6 3. Nc3 d5 4. Bg5 Be7 5. e3 b6 6. Ne5 c5 7. Bb5+ Nfd7 8. Bxe7 Qxe7 9. O-O O-O 10. e4 Nxe5 11. dxe5 d4 12. Ne2 Bb7 13. Ng3 a6 14. Be2 Nc6 15. f4 Qh4 16. a3 b5 17. Qd2 Rad8 18. b3 Kh8 19. a4 b4 20. Bc4 a5 21. Qd3 g5 22. Qd2 gxf4 23. Rxf4 Qg5 24. Raf1 Nxe5 25. Qf2 Ng4 26. Qf3 Ne3 27. Rf2 Nxc4 28. bxc4 f5 29. Qd3 Rde8 30. h4 Qg6 31. exf5 exf5 32. Nxf5 Rxf5 33. Qxf5 Qd6 34. Qf6+ Qxf6 35. Rxf6 Re1+ 36. Kh2 Be4 37. h5 h6 38. Rf8+ 1-0


[Site "https://www.chess.com"]

[Event "Titled Tuesday Blitz August 3 2021"]
[White "Altman, Joshua"]
[Black "Stribuk, Artiom"]
[WhiteFideId "426210"]
[BlackFideId "13515659"]
[WhiteElo "1945"]
[BlackElo "2224"]
[Result "0-1"]
[Round "04"]
[TimeControl "180+1"]
[Date "2021.08.03"]
[WhiteClock "0:00:59"]
[BlackClock "0:00:47"]

1. d4 Nf6 2. c4 g6 3. Nc3 d5 4. Bg5 Bg7 5. e3 c6 6. Nf3 O-O 7. Bd3 dxc4 8. Bxc4 b5 9. Bd3 Bb7 10. O-O Nbd7 11. Rc1 a6 12. h3 c5 13. dxc5 Nxc5 14. Be2 Qb6 15. Bxf6 Bxf6 16. Nd5 Bxd5 17. Qxd5 Na4 18. Rc6 Qb7 19. e4 Rfd8 20. Rd6 Qxd5 21. Rxd5 Rxd5 22. exd5 Bxb2 23. Rb1 Ba3 24. Rb3 Bd6 25. Nd4 b4 26. Nc6 Nc3 27. Bf3 a5 28. Rb2 Kf8 29. g3 a4 30. Nxb4 a3 31. Rb3 Bxb4 32. Rxb4 Nxa2 33. Rb3 Nc1 34. Rb1 a2 35. Rxc1 a1=Q 36. Rxa1 Rxa1+ 37. Kg2 Ra2 38. Be4 Rd2 39. Bf3 Ke8 40. g4 Kd7 41. Kg3 g5 42. Be4 h6 43. f3 Kd6 44. h4 Ke5 45. hxg5 hxg5 46. Kh3 Re2 47. Kg3 Rxe4 48. fxe4 Kxe4 49. Kf2 Kxd5 0-1


[Site "https://www.chess.com"]

[Event "Titled Tuesday Blitz August 3 2021"]
[White "Ambartsumova, Karina"]
[Black "Mikhailovsky, Vladimir"]
[WhiteFideId "4166299"]
[BlackFideId "34105414"]
[WhiteElo "2539"]
[BlackElo "2758"]
[Result "1/2-1/2"]
[Round "04"]
[TimeControl "180+1"]
[Date "2021.08.03"]
[WhiteClock "0:00:10"]
[BlackClock "0:00:02"]

1. c4 e6 2. Nc3 d5 3. e3 Nf6 4. Nf3 b6 5. b3 Bb7 6. Bb2 Bd6 7. g3 O-O 8. Bg2 dxc4 9. bxc4 e5 10. d3 Nbd7 11. O-O Nc5 12. d4 exd4 13. exd4 Nce4 14. d5 Re8 15. Qc2 Nxc3 16. Qxc3 c6 17. Rad1 cxd5 18. cxd5 Rc8 19. Qd3 Nd7 20. h4 h6 21. Rfe1 Qc7 22. Qf5 Nc5 23. Qg4 Bf8 24. d6 Qd7 25. Bh3 Qxg4 26. Bxg4 Rxe1+ 27. Nxe1 Rd8 28. d7 Bc6 29. Nf3 Be7 30. Ne5 Ba4 31. Rd2 Bf6 32. Nc4 Bxb2 33. Nxb2 Bxd7 34. Nc4 Kf8 35. Ne5 Ke7 36. Bxd7 Rxd7 37. Nc6+ Ke6 38. Rxd7 Kxd7 39. Nxa7 Na4 40. Nb5 Kc6 41. Nd4+ Kd5 42. Nf5 Nc3 43. a3 Nb1 44. Nxg7 Nxa3 45. g4 b5 46. g5 hxg5 47. h5 b4 48. h6 b3 49. h7 b2 50. h8=Q b1=Q+ 51. Kh2 Qc2 52. Qd8+ Kc4 53. Qc7+ Kb3 54. Qb7+ Ka2 55. Qxf7+ Kb2 56. Qf6+ Kb1 57. Qxg5 Qxf2+ 58. Qg2 Qh4+ 59. Kg1 Qd4+ 60. Kh2 Nc2 61. Qg1+ Qxg1+ 62. Kxg1 1/2-1/2


[Site "https://www.chess.com"]

[Event "Titled Tuesday Blitz August 3 2021"]
[White "Andreikin, Dmitry"]
[Black "Noritsyn, Nikolay"]
[WhiteFideId "4158814"]
[BlackFideId "2604922"]
[WhiteElo "2782"]
[BlackElo "2527"]
[Result "1-0"]
[Round "04"]
[TimeControl "180+1"]
[Date "2021.08.03"]
[WhiteClock "0:00:18"]
[BlackClock "0:00:09"]

1. Nf3 e6 2. c4 d5 3. g3 c6 4. Bg2 b5 5. d3 Nf6 6. O-O Nbd7 7. e4 bxc4 8. exd5 cxd5 9. dxc4 Ba6 10. b3 Be7 11. Re1 O-O 12. Nd4 Rc8 13. cxd5 Nxd5 14. Bxd5 exd5 15. Bb2 Bf6 16. Nc3 Nc5 17. Re3 Qd7 18. Qd2 Rfd8 19. Rae1 h5 20. Qd1 h4 21. Rf3 Bxd4 22. Qxd4 Ne6 23. Qxh4 d4 24. Ne4 Bb7 25. Rf5 f6 26. Rh5 Kf7 27. Nxf6 gxf6 28. Rh7+ Ng7 29. Bxd4 Qxd4 30. Qh5+ 1-0


[Site "https://www.chess.com"]

[Event "Titled Tuesday Blitz August 3 2021"]
[White "Arabidze, Meri"]
[Black "Zhuravlev, Alexey"]
[WhiteFideId "13604040"]
[BlackFideId "4164199"]
[WhiteElo "2432"]
[BlackElo "2465"]
[Result "1-0"]
[Round "04"]
[TimeControl "180+1"]
[Date "2021.08.03"]
[WhiteClock "0:00:19"]
[BlackClock "0:00:01"]

1. Nf3 Nf6 2. d4 g6 3. g3 Bg7 4. Bg2 O-O 5. O-O d6 6. a4 a5 7. Re1 Na6 8. e4 Nd7 9. Nc3 e5 10. d5 f5 11. Ng5 Nac5 12. exf5 Rxf5 13. Nce4 Nxe4 14. Nxe4 b6 15. h4 Nc5 16. Ng5 Qe7 17. c3 h6 18. Ne4 Rf7 19. Nxc5 bxc5 20. Be4 Bf5 21. h5 gxh5 22. Qxh5 Bxe4 23. Rxe4 Qf6 24. Be3 Raf8 25. Rg4 Kh7 26. Rf1 Qf5 27. Qxf5+ Rxf5 28. Rc4 Rf3 29. b4 cxb4 30. cxb4 axb4 31. Rxb4 Ra8 32. Rc1 Rf7 33. Rbc4 Kg6 34. Kg2 h5 35. Kh3 Bh6 36. f4 exf4 37. gxf4 Kf5 38. Bd2 Re7 39. a5 Re2 40. R1c2 Bg7 41. Rxc7 Bd4 42. Rf7+ Ke4 43. Re7+ Kd3 44. Rxe2 Kxe2 45. Bb4+ Kd3 46. Rc6 Ke4 47. Rxd6 Kxf4 48. a6 Ke4 49. Kh4 1-0


[Site "https://www.chess.com"]

[Event "Titled Tuesday Blitz August 3 2021"]
[White "Araujo Filho, Luiz Antonio Coel"]
[Black "Damjanovic, Vladimir"]
[WhiteFideId "2130661"]
[BlackFideId "903795"]
[WhiteElo "2221"]
[BlackElo "2374"]
[Result "0-1"]
[Round "04"]
[TimeControl "180+1"]
[Date "2021.08.03"]
[WhiteClock "0:00:01"]
[BlackClock "0:00:48"]

1. d4 Nf6 2. Nf3 g6 3. c4 Bg7 4. Nc3 O-O 5. e4 d6 6. Be2 Na6 7. O-O e5 8. d5 Nc5 9. Qc2 a5 10. h3 Nh5 11. Re1 f5 12. Nd2 Nf6 13. f3 Nh5 14. exf5 gxf5 15. Nf1 Nf4 16. Bxf4 exf4 17. Rad1 Kh8 18. a3 a4 19. Qd2 Be5 20. Nb5 Rg8 21. Bd3 Bd7 22. Nc3 Qh4 23. Kh1 Rg7 24. Bc2 Rag8 25. Re2 Rg6 26. Nh2 Rg3 27. Rde1 Be8 28. Bxf5 Qf6 29. Bb1 h5 30. Qc2 Bg6 31. Qd2 Nb3 32. Qd1 Nc5 33. Qd2 Bxb1 34. Rxb1 Qf5 35. Rbe1 Nb3 36. Qd1 Nd4 37. Rf2 Bf6 38. Ne4 Be5 39. Qxa4 Nxf3 0-1


[Site "https://www.chess.com"]

[Event "Titled Tuesday Blitz August 3 2021"]
[White "Araujo Sanchez, Josue"]
[Black "Perera Alfonso, Rene Humberto"]
[WhiteFideId "6416896"]
[BlackFideId "3514722"]
[WhiteElo "2181"]
[BlackElo "2313"]
[Result "0-1"]
[Round "04"]
[TimeControl "180+1"]
[Date "2021.08.03"]
[WhiteClock "0:02:39"]
[BlackClock "0:02:01"]

1. e4 d5 2. exd5 Nf6 3. Nc3 Nxd5 4. Bc4 Be6 5. Bb3 c6 6. Nf3 Nd7 7. Nd4 Nxc3 8. Nxe6 Nxd1 9. Nxd8 Rxd8 10. Kxd1 e6 11. c3 Nc5 12. Bc2 e5 13. Ke2 Bd6 14. d3 O-O 15. Be3 f5 16. b4 Nd7 17. Bb3+ Kh8 18. f3 b6 19. a4 a5 20. b5 cxb5 21. axb5 Bc5 22. d4 exd4 23. cxd4 Rfe8 24. f4 Bxd4 0-1


[Site "https://www.chess.com"]

[Event "Titled Tuesday Blitz August 3 2021"]
[White "AshotParvanyan"]
[Black "Belous, Vladimir"]
[BlackFideId "4174003"]
[WhiteElo "2531"]
[BlackElo "2853"]
[Result "1-0"]
[Round "04"]
[TimeControl "180+1"]
[Date "2021.08.03"]
[WhiteClock "0:00:03"]
[BlackClock "0:00:38"]

1. Nf3 c5 2. c4 g6 3. e4 Bg7 4. d4 Qa5+ 5. Nc3 d6 6. Be2 Nc6 7. Be3 Bg4 8. d5 Bxf3 9. Bxf3 Nd4 10. O-O a6 11. a3 Nxf3+ 12. Qxf3 Nf6 13. b4 cxb4 14. axb4 Qxb4 15. Na4 Nd7 16. Qd1 Qxc4 17. Rc1 Qxe4 18. Re1 O-O 19. Bg5 Qb4 20. Bxe7 Rfe8 21. Rb1 Qa5 22. Rxb7 Nc5 23. Nxc5 Qxc5 24. Rf1 Be5 25. Qf3 Ra7 26. Bxd6 Bxh2+ 27. Kh1 1-0


[Site "https://www.chess.com"]

[Event "Titled Tuesday Blitz August 3 2021"]
[White "Babazada, Khazar"]
[Black "Hansen, Eric"]
[WhiteFideId "13413554"]
[BlackFideId "2606771"]
[WhiteElo "2344"]
[BlackElo "2568"]
[Result "1-0"]
[Round "04"]
[TimeControl "180+1"]
[Date "2021.08.03"]
[WhiteClock "0:01:08"]
[BlackClock "0:00:02"]

1. Nf3 d5 2. g3 g6 3. Bg2 Bg7 4. O-O e5 5. d4 exd4 6. Nxd4 Ne7 7. Nb3 O-O 8. Nc3 d4 9. Ne4 h6 10. e3 dxe3 11. Bxe3 Nbc6 12. Qc1 Nf5 13. Rd1 Qe8 14. Bc5 Nfe7 15. Qf4 f5 16. Nc3 Rf7 17. Re1 g5 18. Qd2 Qd7 19. Qe2 f4 20. Rad1 Qf5 21. Be4 f3 22. Qc4 Qe6 23. Qxe6 Bxe6 24. Bxc6 Bxb3 25. Bxb7 Rb8 26. axb3 Rxb7 27. Rxe7 Rxe7 28. Bxe7 g4 29. Bc5 h5 30. Rd8+ Kf7 31. Rd7+ Kg6 32. Nd5 Be5 33. Bd4 Bd6 34. Rg7+ Kf5 35. Ne3+ Ke6 36. Rg6+ Kd7 37. Rg5 Rb4 38. Bc3 Re4 39. Rxh5 1-0


[Site "https://www.chess.com"]